 Dungeon Crawl Stone Soup version 0.29.1 (webtiles) character file.

Game seed: 17112798609585604913

58 Icepheonix32 the Insei (level 4, 0/48 HPs)
             Began as a Merfolk Transmuter on Sept 13, 2022.
             Was an Initiate of the Shining One.
             Slain by an orc
             ... wielding a +0 mace
              (4 damage)
             ... on level 3 of the Dungeon.
             The game lasted 00:02:30 (2447 turns).

Icepheonix32 the Insei (Merfolk Transmuter)         Turns: 2447, Time: 00:02:30

Health: 0/48       AC: 22    Str: 10    XL:     4   Next: 2%
Magic:  7/7        EV:  2    Int: 14    God:    the Shining One [......]
Gold:   76         SH:  0    Dex: 14    Spells: 6/7 levels left

rFire   . . .      SeeInvis .     - Unarmed
rCold   . . .      Faith    .   (no shield)
rNeg    . . .      Spirit   .   (body armour currently unavailable)
rPois   +          Reflect  .   (helmet currently unavailable)
rElec   .          Harm     .   (cloak currently unavailable)
rCorr   .          Rampage  .   (gloves currently unavailable)
Will    .....      NoTele   +   (boots currently unavailable)
Stlth   +.........              (no amulet)
HPRegen 0.16/turn               (no ring)
MPRegen 0.10/turn               (no ring)

@: tree-form, glowing
A: stationary, stasis, torment immunity, boosted hp, (nimble swimmer 2),
(mertail)
a: Renounce Religion


You were on level 3 of the Dungeon.
You worshipped the Shining One.
The Shining One was noncommittal.
You were a tree.
You visited 1 branch of the dungeon, and saw 3 of its levels.

You collected 76 gold pieces.

Inventory:

Hand Weapons
 h - a +2 antimagic dagger
Armour
 a - a +0 robe (melded)
Scrolls
 c - 2 scrolls of immolation {unknown}
 f - a scroll of silence {unknown}
Potions
 g - a potion of heal wounds {unknown}
 i - a potion of curing {unknown}


   Skills:
 - Level 1.1 Fighting
 + Level 3.1 Dodging
 + Level 4.5 Unarmed Combat
 - Level 2.0 Spellcasting
 + Level 3.7 Transmutations


You had 6 spell levels left.
You knew the following spells:

 Your Spells              Type           Power      Damage    Failure   Level
a - Beastly Appendage     Tmut           22%        N/A       4%          1

Your spell library contained the following spells:

 Spells                   Type           Power      Damage    Failure   Level
 Wereblood                Tmut           11%        N/A       8%          2
 Spider Form              Tmut/Pois      6%         N/A       32%         3
 Gell's Gravitas          Tloc           1%         N/A       56%         3
 Lesser Beckoning         Tloc           1%         N/A       56%         3
 Teleport Other           Tloc           1%         N/A       56%         3
 Ice Form                 Ice/Tmut       6%         N/A       73%         4


Dungeon Overview and Level Annotations

Branches:
Dungeon (3/15)

Altars:
The Shining One


Innate Abilities, Weirdness & Mutations

You are a tree.
Your roots penetrate the ground, keeping you stationary.
You cannot be teleported.
You are immune to unholy pain and torment.
Your maximum health is greatly increased.
Your equipment is partially melded.
((You are very nimble when in or above water. (Stealth+, EV+, Speed+++)))
((Your lower body shifts to a powerful aquatic tail in water.))


Message History

A dart slug comes into view.
The orc moves out of view.
The orc hits you with a +0 club.
You barely miss the orc. Your headbutt misses the orc.
You hit the orc but do no damage. The orc misses you.
You hit the orc.
The orc is almost dead.
The orc barely misses you.
You hit the orc.
You kill the orc!
Your transformation is almost over.
You hit the orc.
The orc is moderately wounded.
The orc hits you with a +0 mace. The orc completely misses you.
You barely miss the orc. You headbutt the orc.
You kill the orc!
The orc hits you but does no damage.
You punch the dart slug!
The dart slug is almost dead.
The dart slug launches a dart at you. The slug dart hits you.
The orc misses you.
You hit the dart slug.
You kill the dart slug!
The orc hits you with a +0 flail.
You have reached level 4!
Unknown command.
You hit the orc. You headbutt the orc.
The orc is severely wounded.
The orc hits you with a +0 flail.
* * * LOW HITPOINT WARNING * * *
The orc hits you with a +0 mace.
* * * LOW HITPOINT WARNING * * *
Unknown command.
Really quaff the potion of lignification?
Your horns disappear.
You turn into a tree.
Your +0 robe melds into your body.
Your roots penetrate the ground.
The orc hits you with a +0 flail.
* * * LOW HITPOINT WARNING * * *
The orc hits you with a +0 mace.
You die...

.########
.........##
.........<###
...#.#.#....#
............#
..........#.#
#..$....†#.###
#....)♣.......#
#....oo.....###
..............#
...(.......#.##
..........##.#
##.##.....# #
#. .....## .
......#


You could see 2 orcs.

Vanquished Creatures
  A worm (D:2)
  A dart slug (D:3)
  2 orcs (D:3)
  4 endoplasms
  3 giant cockroaches
  8 goblins
  5 hobgoblins
  4 kobolds
  3 quokkas
  3 ball pythons
  3 bats
  5 frilled lizards
  2 rats
44 creatures vanquished.

Notes
Turn   | Place    | Note
-------+----------+-------------------------------------------
     0 | D:1      | Icepheonix32 the Merfolk Transmuter began the quest for the
                  | Orb.
     0 | D:1      | Reached XP level 1. HP: 15/15 MP: 3/3
    16 | D:1      | Found a faded altar of an unknown god.
   727 | D:1      | Reached XP level 2. HP: 17/21 MP: 3/5
  1387 | D:1      | Reached skill level 4 in Unarmed Combat
  1724 | D:2      | Reached XP level 3. HP: 23/26 MP: 4/6
  2040 | D:2      | Found a glowing golden altar of the Shining One.
  2079 | D:2      | Became a worshipper of the Shining One
  2446 | D:3      | Reached XP level 4. HP: 11/32 MP: 7/7
  2447 | D:3      | Slain by an orc

Illustrated notes

Levels and vault maps discovered:
D:1:      sevenhm_arrival_forest_fort_small_3, layout_basic,
          ebering_ecumenical_altar_webs
D:2:      layout_rooms, basic_altar
D:3:      layout_basic

Skill      XL: |  1  2 |
---------------+-------+-----
Transmutations | 3 |  3.7
Unarmed Combat | 4 |  4.5
Dodging        | 3 |  3.1
Fighting       | |  1.1
Spellcasting   | |  2.0

Action                   |  1- 3 |  4- 6 || total
-------------------------+-------+-------++-------
Melee: Unarmed           |   134 |     1 ||   135
       Dagger            |     7 |       ||     7
       Headbutt          |    16 |     1 ||    17
       Punch             |     4 |       ||     4
 Cast: Beastly Appendage |    33 |       ||    33
  Use: Potion            |       |     1 ||     1
Armor: Robe              |    28 |       ||    28
Dodge: Dodged            |    83 |       ||    83
